 Dungeon Crawl Stone Soup version 0.30-a0-528-g8c47a4955b (webtiles) character file.

Game seed: 13739535525678253499

384 Shayle the Poker (level 6, -6/47 HPs)
             Began as a Demonspawn Reaver on Dec 23, 2022.
             Killed by nerve-wracking pain
             ... invoked by Grinder
              (11 damage)
             ... on level 4 of the Dungeon.
             The game lasted 00:07:09 (2628 turns).

Shayle the Poker (Demonspawn Reaver)                Turns: 2628, Time: 00:07:09

Health: -6/47      AC:  8    Str: 15 (18) XL:     6   Next: 47%
Magic:  0/9        EV: 15    Int: 14 (16) God:
Gold:   191        SH:  4    Dex: 10 (12) Spells: 5/9 levels left

rFire   + . .      SeeInvis .    q - +0 trident
rCold   + . .      Faith    .    (no shield)
rNeg    . . .      Spirit   +    b - +0 leather armour
rPois   +          Reflect  .    (no helmet)
rElec   +          Harm     .    (no cloak)
rCorr   +          Rampage  .    g - +2 pair of gloves
Will    .....                    m - +1 pair of boots
Stlth   ++                       (no amulet)
HPRegen 0.27/turn                e - +6 ring of strength
MPRegen 0.22/turn                j - +4 ring of evasion

@: resistant
A: magic shield, magic regeneration, demonic magic 2, large bone plates 1, high
MP 1
a: no special abilities


You were on level 4 of the Dungeon.
You visited 1 branch of the dungeon, and saw 4 of its levels.

You collected 191 gold pieces.

Inventory:

Hand Weapons
 q - a +0 trident (weapon)
Armour
 b - a +0 leather armour (worn)
 g - a +2 pair of gloves (worn)
 m - a +1 pair of boots (worn)
Jewellery
 e - a +6 ring of strength (left hand)
 j - a +4 ring of evasion (right hand)
 n - a ring of fire
Scrolls
 a - a scroll of immolation {unknown}
 k - 3 scrolls of enchant weapon
 p - a scroll of identify
Potions
 d - a potion of curing
 l - 3 potions of attraction


   Skills:
 + Level 3.5 Fighting
 + Level 3.8 Polearms
 + Level 2.3 Armour
 - Level 1.7 Dodging
 + Level 2.5 Stealth
 - Level 2.0 Spellcasting
 + Level 3.6 Conjurations
 + Level 1.6 Ice Magic


You had 5 spell levels left.
You knew the following spells:

 Your Spells              Type           Power      Damage    Failure   Level
a - Kiss of Death         Conj/Necr      24%        2d7       14%         1
b - Hailstorm             Conj/Ice       8%         3d4       28%         3

Your spell library contained the following spells:

 Spells                   Type           Power      Damage    Failure   Level
 Momentum Strike          Conj/Tloc      12%        3d8       22%         2


Dungeon Overview and Level Annotations

Branches:
Dungeon (4/15)
 Temple: D:4-7

Altars:
Makhleb
Wu Jian
Yredelemnul

Shops:
D:4 (

Annotations:
D:3 2 transporters
D:4 Grinder, Pikel


Innate Abilities, Weirdness & Mutations

When hurt, damage is shared between your health and your magic reserves.
You regenerate magic rapidly.
Spells you cast may paralyse nearby enemies.
You are partially covered in large bone plates. (SH +4)
You have an increased reservoir of magic. (+10% MP)


Message History

You feel weakened.
You feel dopey.
You feel clumsy. Grinder completely misses you.
It was a potion of resistance.
You feel protected. Grinder hits you but does no damage.
You hit Grinder but do no damage.
Grinder is severely wounded.
Grinder closely misses you.
You hit Grinder but do no damage.
Grinder is severely wounded.
Grinder hits you!
* * * LOW HITPOINT WARNING * * *
You writhe in agony.
* * * LOW HITPOINT WARNING * * *
You closely miss Grinder.
Grinder is severely wounded.
Grinder gestures at you. Pain shoots through your body!
* * * LOW HITPOINT WARNING * * *
You barely miss Grinder.
Grinder is severely wounded.
Grinder hits you but does no damage.
You puncture Grinder!
Grinder is almost dead.
You block Grinder's attack.
You hit Grinder but do no damage. Your punch misses Grinder.
Grinder is almost dead.
Grinder gestures at you. Pain shoots through your body!
* * * LOW HITPOINT WARNING * * *
Grinder misses you.
You barely miss Grinder.
The orc shouts!
You punch Grinder.
Grinder is almost dead.
You hear a shout! x3
An orc comes into view. It is wielding a +0 morningstar.
Grinder gestures at you. Pain shoots through your body!
You die...

#..#####.######
#.............#######
#.######ยง#####....).####
*...#* #.# ######....#
**#..###.# ####.## *#..#..#
#... *#.#.## #### #..5##
###.@#** #....#**
*********#.##...#* *#####
*,,,,,**,..#*##..#*****.....
*,,,,>**.### **...,,,,,*###
*,,,,,*#.* **,#.****** ##
*,,,,,*.,* **,,*.,* ##.
*,,,,,.o,* *,,**#.* ##..
****,*,*,*****,*###.#* #..#


You could see Grinder and an orc (wandering).

Vanquished Creatures
  Menkaure (D:4)
  A centaur (D:4)
  A scorpion (D:4)
  An iguana (D:4)
  4 adders
  A dart slug (D:1)
  An orc (D:4)
  7 bats
  7 endoplasms
  4 giant cockroaches (D:1)
  3 goblins
  6 hobgoblins
  2 jackals (D:4)
  A quokka (D:1)
  7 ball pythons
  2 frilled lizards (D:2)
  7 kobolds
  2 rats
58 creatures vanquished.

Notes
Turn   | Place    | Note
-------+----------+-------------------------------------------
     0 | D:1      | Shayle the Demonspawn Reaver began the quest for the Orb.
     0 | D:1      | Reached XP level 1. HP: 16/16 MP: 3/3
   102 | D:1      | Gained mutation: Spells you cast may paralyse adjacent
                  | enemies. [demonic ancestry]
   102 | D:1      | Reached XP level 2. HP: 21/22 MP: 5/5
   226 | D:1      | Reached skill level 1 in Stealth
   495 | D:1      | Reached skill level 1 in Armour
   495 | D:1      | Gained mutation: You regenerate magic rapidly. [demonic
                  | ancestry]
   495 | D:1      | Reached XP level 3. HP: 24/28 MP: 6/6
  1061 | D:2      | Found a burning altar of Makhleb.
  1332 | D:3      | Found a transporter.
  1334 | D:3      | Found a transporter.
  1865 | D:3      | Found a basalt altar of Yredelemnul.
  1974 | D:3      | Found a faded altar of an unknown god.
  2039 | D:4      | Noticed a lemure
  2039 | D:4      | Noticed a lemure
  2039 | D:4      | Noticed a lemure
  2039 | D:4      | Noticed Pikel
  2128 | D:4      | Learned a level 3 spell: Hailstorm
  2132 | D:4      | Found Cyeschidgh's Weapon Shoppe.
  2147 | D:4      | Gained mutation: When hurt, damage is shared between your
                  | health and your magic reserves. [demonic ancestry]
  2147 | D:4      | Reached XP level 4. HP: 34/34 MP: 7/7
  2188 | D:4      | Noticed Menkaure
  2203 | D:4      | Killed Menkaure
  2204 | D:4      | Reached skill level 1 in Ice Magic
  2204 | D:4      | Gained mutation: Spells you cast may paralyse nearby
                  | enemies. [demonic ancestry]
  2204 | D:4      | Reached XP level 5. HP: 39/41 MP: 6/8
  2223 | D:4      | Noticed a centaur
  2253 | D:4      | Reached XP level 6. HP: 24/47 MP: 5/9
  2474 | D:4      | Found an ornate altar of the Wu Jian Council.
  2554 | D:4      | Noticed Grinder
  2593 | D:4      | Gained mutation: You are partially covered in large bone
                  | plates. (SH +4) [potion of mutation]
  2593 | D:4      | Gained mutation: You have an increased reservoir of magic.
                  | (+10% MP) [potion of mutation]
  2593 | D:4      | HP: 1/47 [Grinder/nerve-wracking pain (6)]
  2599 | D:4      | Paralysed by Grinder for 3 turns
  2616 | D:4      | Paralysed by Grinder for 3 turns
  2628 | D:4      | Killed from afar by Grinder

Illustrated notes

Levels and vault maps discovered:
D:1:      minmay_arrival_wavy_path, layout_rooms, serial_rivers,
          chequers_serial_rivers_micro_d, chequers_serial_rivers_room_a,
          chequers_serial_rivers_small_3, chequers_serial_rivers_large_a
D:2:      layout_loops_cross, basic_altar
D:3:      gammafunk_wand_slinger, layout_rooms, nicolae_tso_swordbearing_angel,
          lemuel_coloured_pillars_altar, shapermc_ecumenical_altar_pompeii
D:4:      layout_rooms, kennysheep_mini, serial_shops, nicolae_shop_waterfront,
          chequers_serial_rivers_micro_b, uniq_grinder, uniq_menkaure,
          uniq_pikel, uniq_crazy_yiuf_cottage

Skill      XL: |  1  2  3  4 |
---------------+-------------+-----
Stealth        | 1 2 |  2.5
Polearms       | 3 |  3.8
Armour         | 1 2 |  2.3
Fighting       | 3 |  3.5
Ice Magic      | 1 |  1.6
Dodging        | |  1.7
Spellcasting   | |  2.0
Conjurations   | |  3.6

Action                   |  1- 3 |  4- 6 || total
-------------------------+-------+-------++-------
Melee: Spear             |   161 |       ||   161
       Punch             |     4 |     2 ||     6
       Trident           |    30 |    94 ||   124
  Use: Scroll            |     6 |     4 ||    10
       Potion            |     1 |     6 ||     7
 Stab: Sleeping          |     3 |     1 ||     4
Armor: Leather armour    |    61 |    39 ||   100
Dodge: Dodged            |   122 |    79 ||   201
Block: Other             |       |     2 ||     2

Table legend: (Time is in decaauts)
 A = Elapsed time spent in this place.
 B = Non-inter-level travel time spent in this place.
 C = Inter-level travel time spent in this place.
 D = Time resting spent in this place.
 E = Time spent auto-exploring this place.
 F = Levels seen in this place.
 G = Mean time per level.
                   A        B        C        D        E       F      G
               +--------+--------+--------+--------+--------+-----+--------+
         Total |   2653 |   2562 |     91 |     74 |   1664 |   4 |  663.2 |
       Dungeon |   2653 |   2562 |     91 |     74 |   1664 |   4 |  663.2 |
               +--------+--------+--------+--------+--------+-----+--------+

Top non-repeatable levels by time:
     D:3: 749 daAuts
     D:1: 692 daAuts
     D:2: 619 daAuts
     D:4: 591 daAuts
